[Event "Titled Tuesday Blitz May 03 Late 2022"]
[White "Koelle, Tobias"]
[Black "Jacobson, Aaron"]
[WhiteFideId "16207378"]
[BlackFideId "2089912"]
[WhiteElo "2541"]
[BlackElo "2265"]
[Result "1-0"]
[Round "08"]
[TimeControl "180+1"]
[Date "2022.05.03"]
[WhiteClock "0:03:22"]
[BlackClock "0:01:54"]

1. a3 g5 2. d4 Bg7 3. Bxg5 c5 4. c3 Qb6 5. Nd2 Qxb2 6. Ngf3 Qxc3 7. Rc1 Qxa3 8. Rxc5 Nc6 9. e3 Nf6 10. Be2 d6 11. Rc1 Qa5 12. O-O O-O 13. Nc4 Qd8 14. Bd3 Bd7 15. Qb3 b5 16. Na3 a6 17. Qb1 h6 18. Bh4 Qa5 19. Nc2 e5 20. dxe5 Nxe5 21. Ncd4 Nxd3 22. Qxd3 Qb6 23. Nf5 Bxf5 24. Qxf5 d5 25. Nd4 Rfd8 26. Rc6 Qb7 27. Bxf6 b4 28. Bxg7 Qb6 29. Rxb6 Rd6 30. Rxd6 Rc8 31. Qxc8+ Kh7 32. Qc5 b3 33. Qxd5 b2 34. Qb3 a5 35. Qxb2 h5 36. Qb1+ f5 37. Qxf5+ Kg8 38. Qf8+ Kh7 39. Qg8+ Kxg8 40. g4 h4 41. Kg2 a4 42. Ra6 a3 43. Rxa3 Kh7 44. h3 Kg6 45. Be5 Kh7 46. Bh2 Kg6 47. Bg1 Kh7 48. f3 Kg6 49. Bf2 Kh7 50. Re1 Kg6 51. Rd1 Kh7 52. Rd2 Kg6 53. Rdd3 Kh7 54. Rdc3 Kg6 55. Rc4 Kh7 56. Rc5 Kg6 57. Rb5 Kh7 58. Ra4 Kg6 59. Raa5 Kh7 60. Ra6 Kg7 61. Rb7+ Kf8 62. Raa7 Ke8 63. f4 Kd8 64. Bxh4+ Ke8 65. Bg3 Kd8 66. Bf2 Kc8 67. Be1 Kd8 68. Bd2 Kc8 69. Bc3 Kd8 70. Kf3 Kc8 71. Ke4 Kd8 72. Kd5 Kc8 73. Kc6 Kd8 74. Kd6 Kc8 75. Ke6 Kd8 76. Kf6 Kc8 77. Kg6 Kd8 78. Kh6 Kc8 79. h4 Kd8 80. h5 Kc8 81. g5 Kd8 82. g6 Kc8 83. g7 Kd8 84. Kg6 Kc8 85. h6 Kd8 86. h7 Kc8 87. f5 Kd8 88. Kg5 Kc8 89. Kg4 Kd8 90. Kf4 Kc8 91. Ke4 Kd8 92. Kd5 Kc8 93. Kc5 Kd8 94. Kc6 Kc8 95. Kb6 Kd8 96. Ka6 Kc8 97. Ka5 Kd8 98. Ka4 Kc8 99. Ka3 Kd8 100. Ka2 Kc8 101. Kb2 Kd8 102. Kb1 Kc8 103. Kc1 Kd8 104. Kc2 Kc8 105. Kd2 Kd8 106. Kd1 Kc8 107. Ke1 Kd8 108. Ke2 Kc8 109. Kf2 Kd8 110. e4 Kc8 111. e5 Kd8 112. e6 Kc8 113. f6 Kd8 114. Kf3 Kc8 115. Ke4 Kd8 116. Kd5 Kc8 117. Kc6 Kd8 118. Nb5 Kc8 119. Na3 Kd8 120. Nc2 Kc8 121. Ne1 Kd8 122. Nd3 Kc8 123. Nf2 Kd8 124. Ne4 Kc8 125. Ng5 Kd8 126. Nf3 Kc8 127. Ne5 Kd8 128. Ng4 Kc8 129. Nh2 Kd8 130. Nf1 Kc8 131. Bd2 Kd8 132. Be1 Kc8 133. Bg3 Kd8 134. Bf4 Kc8 135. Be3 Kd8 136. Bf2 Kc8 137. f7 Kd8 138. Be3 Kc8 139. Bf2 Kd8 140. Bg1 Kc8 141. Nd2 Kd8 142. Nf1 Kc8 143. Ne3 Kd8 144. Nd5 Kc8 145. Nc3 Kd8 146. Nb5 Kc8 147. Na3 Kd8 148. Nc2 Kc8 149. Nb4 Kd8 150. Ra8# 1-0


[Site "https://www.chess.com"]

[Event "Titled Tuesday Blitz May 03 Late 2022"]
[White "Kohler, Aran"]
[Black "Barria Zuniga, Daniel"]
[WhiteFideId "1002856"]
[BlackFideId "3400816"]
[WhiteElo "2338"]
[BlackElo "2414"]
[Result "0-1"]
[Round "08"]
[TimeControl "180+1"]
[Date "2022.05.03"]
[WhiteClock "0:00:01"]
[BlackClock "0:00:46"]

1. d4 g6 2. c3 Bg7 3. Bg5 h6 4. Bh4 c5 5. e3 Qc7 6. Nd2 d6 7. Bb5+ Nd7 8. Ngf3 a6 9. Bd3 Ngf6 10. Qb3 b5 11. c4 bxc4 12. Bxc4 O-O 13. Qc2 Bb7 14. O-O Rac8 15. Rac1 Qb6 16. dxc5 Rxc5 17. Qb1 Rfc8 18. Bb3 e6 19. Nd4 d5 20. f3 a5 21. Bf2 Ba6 22. Rfe1 Qb4 23. e4 Qxd2 24. Rcd1 Qb4 25. exd5 Nxd5 26. Bxd5 Rxd5 27. Nb3 a4 28. Rxd5 exd5 29. Re7 Qxe7 0-1


[Site "https://www.chess.com"]

[Event "Titled Tuesday Blitz May 03 Late 2022"]
[White "Lashkin, Jegor"]
[Black "Sarana, Alexey"]
[WhiteFideId "13907808"]
[BlackFideId "24133795"]
[WhiteElo "2368"]
[BlackElo "2666"]
[Result "1-0"]
[Round "08"]
[TimeControl "180+1"]
[Date "2022.05.03"]
[WhiteClock "0:01:51"]
[BlackClock "0:01:24"]

1. d4 Nf6 2. c4 e6 3. Nf3 d5 4. Nc3 Bb4 5. e3 O-O 6. Bd2 b6 7. cxd5 exd5 8. Bd3 Bb7 9. Rc1 Nbd7 10. O-O Ne4 11. Nxe4 dxe4 12. Bxb4 exf3 13. Bxf8 fxg2 14. Re1 Nxf8 15. Qg4 Qe7 16. Qg3 c5 17. b4 cxd4 18. Rc7 Qxb4 19. Rb1 Qd2 20. Bc4 Ne6 21. Bxe6 1-0


[Site "https://www.chess.com"]

[Event "Titled Tuesday Blitz May 03 Late 2022"]
[White "Lehtosaari, Mauri"]
[Black "Pakleza, Zbigniew"]
[WhiteFideId "501999"]
[BlackFideId "1119290"]
[WhiteElo "2526"]
[BlackElo "2467"]
[Result "0-1"]
[Round "08"]
[TimeControl "180+1"]
[Date "2022.05.03"]
[WhiteClock "0:00:03"]
[BlackClock "0:00:04"]

1. d4 d6 2. Nf3 Bg4 3. Nbd2 Nf6 4. h3 Bh5 5. c4 e6 6. Qb3 Qc8 7. e4 Be7 8. Bd3 c6 9. Nf1 Bg6 10. Ng3 d5 11. e5 Nfd7 12. O-O O-O 13. Bxg6 hxg6 14. Be3 dxc4 15. Qxc4 Rd8 16. Bg5 Nb6 17. Qd3 Nd5 18. Qe4 Bxg5 19. Nxg5 Nd7 20. Qf3 f5 21. exf6 N7xf6 22. Rae1 Re8 23. Re5 Qd7 24. Rfe1 Nc7 25. Qf4 Rad8 26. Rd1 Nb5 27. Ne2 Nc7 28. a3 Ncd5 29. Qh4 Re7 30. Nc3 Ree8 31. Nce4 b6 32. Nc3 b5 33. Nce4 a5 34. Nc5 Qd6 35. Rde1 Nc7 36. Nb7 Qxd4 37. Qxd4 Rxd4 38. Nxa5 Rd5 39. Nxc6 Rxe5 40. Rxe5 Nfd5 41. Re1 Kf8 42. Nh7+ Kf7 43. Ng5+ Kf6 44. Ne4+ Kf7 45. f3 Kg8 46. Kf2 Nf4 47. Rd1 Ncd5 48. Ng5 e5 49. Ne4 Nf6 50. Nxf6+ gxf6 51. Rd7 e4 52. fxe4 Rxe4 53. Kf3 f5 54. Re7 Rxe7 55. Nxe7+ Kf7 56. Nc6 Nd5 57. Nd4 b4 58. a4 Nb6 59. a5 Nc4 60. a6 Kf6 61. a7 Nb6 62. Ke3 Ke5 63. Nb5 Na8 64. Kd3 Kf4 65. Kd4 Kg3 66. Kd5 Kxg2 67. Kc6 f4 68. Kb7 f3 0-1


[Site "https://www.chess.com"]

[Event "Titled Tuesday Blitz May 03 Late 2022"]
[White "Leiva, Gianmarco"]
[Black "Martinez Reyes, Pedro Ramon"]
[WhiteFideId "3804399"]
[BlackFideId "3901807"]
[WhiteElo "2323"]
[BlackElo "2410"]
[Result "1-0"]
[Round "08"]
[TimeControl "180+1"]
[Date "2022.05.03"]
[WhiteClock "0:00:50"]
[BlackClock "0:01:39"]

1. Nf3 c5 2. g3 Nc6 3. Bg2 g6 4. O-O Bg7 5. d3 Nf6 6. c4 O-O 7. Nc3 d5 8. Bg5 d4 9. Bxf6 exf6 10. Na4 Qe7 11. Nd2 Re8 12. Ne4 f5 13. Nexc5 Qxe2 14. Re1 Qxd1 15. Raxd1 Rxe1+ 16. Rxe1 Kf8 17. a3 Ne5 18. h3 g5 19. Nxb7 Bxb7 20. Bxb7 Rb8 21. Nc5 f4 22. gxf4 gxf4 23. Rxe5 Bxe5 24. Nd7+ Ke7 25. Nxb8 Bxb8 26. Kg2 Kf6 27. Kf3 Kg5 28. Ke4 f6 29. b4 Be5 30. c5 Kg6 31. Bd5 Kg7 32. b5 Kf8 33. a4 Ke7 34. Bb3 Kd7 35. Kd5 Kc7 36. a5 f3 37. Bd1 Bf4 38. Bxf3 Bd2 39. b6+ axb6 40. axb6+ Kb8 41. c6 Be1 42. c7+ Kc8 43. Kc6 Bxf2 44. b7# 1-0


[Site "https://www.chess.com"]

[Event "Titled Tuesday Blitz May 03 Late 2022"]
[White "Maksimovic, Bojan"]
[Black "Koellner, Ruben Gideon"]
[WhiteFideId "14408120"]
[BlackFideId "12993093"]
[WhiteElo "2448"]
[BlackElo "2615"]
[Result "1-0"]
[Round "08"]
[TimeControl "180+1"]
[Date "2022.05.03"]
[WhiteClock "0:00:36"]
[BlackClock "0:00:28"]

1. Nf3 Nf6 2. g3 d5 3. Bg2 e6 4. O-O Be7 5. c4 dxc4 6. Qa4+ Bd7 7. Qxc4 c5 8. Ne5 Qc8 9. Nxd7 Qxd7 10. Qc2 Nc6 11. Nc3 O-O 12. d3 Rfd8 13. Be3 Rac8 14. Rac1 b6 15. Qa4 Nd5 16. Nxd5 exd5 17. Rfe1 Bf6 18. Qc2 Nb4 19. Qb1 Qa4 20. a3 Nc6 21. Qa2 Nb4 22. Qb1 Nc6 23. Qc2 Qb5 24. b4 Bd4 25. bxc5 bxc5 26. Bd2 Ne7 27. Rb1 Qa6 28. e3 Bf6 29. a4 d4 30. Bb7 Qd6 31. Bxc8 Rxc8 32. e4 Qa6 33. e5 1-0


[Site "https://www.chess.com"]

[Event "Titled Tuesday Blitz May 03 Late 2022"]
[White "Martinez Alcantara, Jose Eduardo"]
[Black "Andreikin, Dmitry"]
[WhiteFideId "3805662"]
[BlackFideId "4158814"]
[WhiteElo "2690"]
[BlackElo "2736"]
[Result "1/2-1/2"]
[Round "08"]
[TimeControl "180+1"]
[Date "2022.05.03"]
[WhiteClock "0:01:28"]
[BlackClock "0:02:16"]

1. e4 c5 2. Nf3 e6 3. c3 d5 4. exd5 Qxd5 5. d4 Nf6 6. Be3 cxd4 7. cxd4 Bb4+ 8. Nc3 O-O 9. Bd3 b6 10. O-O Bxc3 11. bxc3 Ba6 12. Bxa6 Nxa6 13. Ne5 Nb8 14. c4 Qe4 15. Re1 Qb7 16. Bg5 Nbd7 17. Nxd7 Nxd7 18. d5 Nc5 19. Qg4 f6 20. Be3 exd5 21. Bxc5 bxc5 22. Qe6+ Qf7 23. cxd5 Rad8 24. Rad1 Rfe8 25. Qa6 Rxe1+ 26. Rxe1 1/2-1/2


[Site "https://www.chess.com"]

[Event "Titled Tuesday Blitz May 03 Late 2022"]
[White "Matinian, Nikita"]
[Black "Fishbein, Alexander"]
[WhiteFideId "24129100"]
[BlackFideId "2000377"]
[WhiteElo "2422"]
[BlackElo "2442"]
[Result "1/2-1/2"]
[Round "08"]
[TimeControl "180+1"]
[Date "2022.05.03"]
[WhiteClock "0:00:03"]
[BlackClock "0:00:08"]

1. e4 c5 2. Nf3 d6 3. d4 cxd4 4. Nxd4 Nf6 5. Nc3 Nc6 6. Bc4 e6 7. Be3 a6 8. Qe2 Qc7 9. O-O-O Be7 10. Rhg1 Na5 11. Bd3 b5 12. g4 Nd7 13. Nf5 exf5 14. Nd5 Qd8 15. exf5 Bb7 16. Be4 Nc4 17. Bd4 O-O 18. g5 Bxd5 19. Bxd5 Bxg5+ 20. Kb1 Bf6 21. Bxa8 Qxa8 22. Bxf6 Nxf6 23. Qe7 Qd8 24. Rge1 Qxe7 25. Rxe7 Ng4 26. b3 Nb6 27. Ra7 Nxf2 28. Rd4 g6 29. Rxa6 Nc8 30. Ra5 Re8 31. fxg6 hxg6 32. Rxb5 Kg7 33. a4 Re1+ 34. Kb2 Nd1+ 35. Ka3 Nc3 36. Rb8 Ne7 37. Rxd6 Nf5 38. Rd3 Ne4 39. a5 Nc5 40. Rd5 Ra1+ 41. Kb2 Rxa5 42. Rxf5 gxf5 43. b4 Na6 44. Rb6 Ra4 45. Kb3 Ra1 46. b5 Nc5+ 47. Kc4 Nd7 48. Rd6 Ne5+ 49. Kd5 f6 50. c4 Rd1+ 51. Ke6 Rxd6+ 52. Kxd6 Nxc4+ 53. Kd5 Na5 54. Kd4 Kg6 55. Ke3 Kg5 56. Kf3 Nc4 57. h4+ Kg6 58. Kf4 Nd6 59. b6 Kh5 60. b7 Nxb7 61. Kxf5 Nd6+ 62. Kxf6 Kxh4 1/2-1/2


[Site "https://www.chess.com"]

[Event "Titled Tuesday Blitz May 03 Late 2022"]
[White "Meduri, Aakaash"]
[Black "Trost, Edvin"]
[WhiteFideId "2032252"]
[BlackFideId "1729519"]
[WhiteElo "2096"]
[BlackElo "2165"]
[Result "0-1"]
[Round "08"]
[TimeControl "180+1"]
[Date "2022.05.03"]
[WhiteClock "0:00:01"]
[BlackClock "0:01:18"]

1. Nf3 d5 2. g3 Nc6 3. Bg2 e5 4. d3 f6 5. O-O g5 6. e4 d4 7. Nbd2 h5 8. Ne1 Bd6 9. Nc4 Nge7 10. f4 exf4 11. Nxd6+ Qxd6 12. gxf4 Bg4 13. Qd2 O-O-O 14. Qf2 Ng6 15. h3 Bd7 16. fxg5 fxg5 17. Bxg5 Rdf8 18. Qd2 Rhg8 19. Rxf8+ Qxf8 20. Nf3 Nce5 21. Nxd4 Qc5 22. c3 Nh4 23. Rf1 Nhf3+ 24. Bxf3 Nxf3+ 25. Rxf3 Rxg5+ 26. Kf1 b6 27. Qf2 Kb7 28. Ke2 h4 29. a3 Qe5 30. Qxh4 c5 31. Qh7 Rg7 32. Qh4 cxd4 33. cxd4 Qxd4 34. Rf2 Bb5 35. Rf3 Rg2+ 0-1


[Site "https://www.chess.com"]

[Event "Titled Tuesday Blitz May 03 Late 2022"]
[White "Mekhane, Adam"]
[Black "Mogranzini, Roberto"]
[WhiteFideId "36050601"]
[BlackFideId "810894"]
[WhiteElo "2002"]
[BlackElo "2469"]
[Result "0-1"]
[Round "08"]
[TimeControl "180+1"]
[Date "2022.05.03"]
[WhiteClock "0:00:03"]
[BlackClock "0:00:19"]

1. e4 c5 2. Nf3 Nc6 3. d4 cxd4 4. Nxd4 Qb6 5. Nb3 Nf6 6. Nc3 e6 7. a3 a6 8. Be3 Qc7 9. Be2 d6 10. O-O Be7 11. f4 O-O 12. Bf3 Re8 13. Qd2 Bd7 14. Rad1 Rac8 15. Qf2 Qb8 16. Na4 b5 17. Nb6 Rc7 18. Nxd7 Nxd7 19. c3 a5 20. Nd4 b4 21. cxb4 axb4 22. e5 Nxd4 23. Bxd4 d5 24. f5 Bc5 25. fxe6 fxe6 26. Bh5 Rf8 27. Bf7+ Kh8 28. Qe3 Bxd4 29. Rxd4 bxa3 30. Rh4 Nf6 31. exf6 Rcxf7 32. fxg7+ Rxg7 33. Rxf8+ Qxf8 34. Qxa3 Qxa3 35. bxa3 Ra7 36. Rh6 Ra6 37. Kf2 Kg7 38. Rh3 Rb6 39. Ke2 Rb2+ 40. Kf1 Ra2 41. Re3 Kf6 42. Rh3 d4 43. Rxh7 Rxa3 44. Rh5 e5 45. g4 Ra2 46. Rf5+ Ke6 47. h4 d3 48. Ke1 e4 49. h5 e3 50. Kf1 Ra1+ 51. Kg2 d2 52. Rf1 Rxf1 53. Kxf1 d1=Q+ 54. Kg2 Qxg4+ 0-1


[Site "https://www.chess.com"]

[Event "Titled Tuesday Blitz May 03 Late 2022"]
[White "Melikhov, Evgeny V."]
[Black "Ovezdurdyyeva, Jemal"]
[WhiteFideId "4122046"]
[BlackFideId "14001888"]
[WhiteElo "1931"]
[BlackElo "1946"]
[Result "0-1"]
[Round "08"]
[TimeControl "180+1"]
[Date "2022.05.03"]
[WhiteClock "0:00:11"]
[BlackClock "0:00:04"]

1. d4 Nf6 2. c4 g6 3. Nc3 d5 4. cxd5 Nxd5 5. e4 Nxc3 6. bxc3 c5 7. Bc4 Bg7 8. Ne2 Nc6 9. Be3 cxd4 10. cxd4 Qa5+ 11. Kf1 O-O 12. h4 h5 13. Bg5 Rd8 14. Qb3 Nxd4 15. Bxf7+ Kh7 16. Nxd4 Rxd4 17. Rd1 Rxe4 18. Bg8+ Kh8 19. Bd5 Re5 20. Bf4 Rf5 21. Bg5 Bd7 22. Be4 Re5 23. Bxg6 Rf8 24. Kg1 Re1+ 25. Kh2 Rxh1+ 26. Kxh1 Rxf2 27. Qxb7 Bg4 28. Qb8+ Rf8 29. Rb1 Qxa2 30. Qb3 Qxb3 31. Rxb3 Rf1+ 32. Kh2 Be5+ 33. g3 Rf2+ 34. Kg1 Re2 35. Rb7 Bd4+ 36. Kf1 Re5 37. Rxe7 Bh3# 0-1


[Site "https://www.chess.com"]

[Event "Titled Tuesday Blitz May 03 Late 2022"]
[White "Melikyan, Gnel"]
[Black "Fiorito, Fabian"]
[WhiteFideId "54109990"]
[BlackFideId "100200"]
[WhiteElo "1772"]
[BlackElo "2395"]
[Result "1-0"]
[Round "08"]
[TimeControl "180+1"]
[Date "2022.05.03"]
[WhiteClock "0:00:12"]
[BlackClock "0:00:07"]

1. c4 e5 2. Nc3 d6 3. Nf3 g6 4. g3 Bg7 5. Bg2 f5 6. O-O Nf6 7. b3 O-O 8. Bb2 c6 9. Re1 h6 10. d3 Be6 11. c5 Bf7 12. cxd6 Qxd6 13. Qc1 Nbd7 14. Nd2 Rfe8 15. Nc4 Qe6 16. Rd1 Nd5 17. Na5 Rab8 18. Nxd5 cxd5 19. b4 Rec8 20. Qd2 b6 21. Nb3 Rc7 22. Rdc1 Rbc8 23. Rxc7 Rxc7 24. Rc1 Qd6 25. Ba3 b5 26. Nc5 Nxc5 27. Rxc5 Rxc5 28. bxc5 Qc6 29. Qa5 a6 30. Qb6 Be8 31. Qd8 e4 32. dxe4 dxe4 33. g4 Bf6 34. Qd2 Bg5 35. e3 Be7 36. gxf5 gxf5 37. Qd4 Bf6 38. Qd2 Bf7 39. Bh3 Be6 40. Bb4 Kf7 41. Qd1 Kg6 42. a3 Be7 43. Qd4 Bf6 44. Qd1 Be5 45. Qd8 Bf6 46. Qb6 Bd5 47. Qb8 Be6 48. Qg3+ Kf7 49. Qf4 Qd5 50. Bf1 Be7 51. Qc7 Qd7 52. Qb6 Bd5 53. Qxa6 Bc6 54. Qb6 Bd8 55. Qb8 Kg7 56. Qd6 Qxd6 57. cxd6 Kf6 58. Be2 Ke6 59. Bd1 Kd7 60. Bb3 Bf6 61. Bc2 Be5 62. Kg2 Bxd6 63. Bxd6 Kxd6 64. Kg3 Ke5 65. Kh4 Be8 66. Bd1 Kd5 67. Bh5 Bd7 68. Bf7+ Ke5 69. Kh5 Kf6 70. Bd5 Kg7 71. Bb3 Be8+ 72. Kh4 Kf6 73. Bd1 Ke5 74. Bb3 f4 75. Kg4 Bd7+ 76. Kh5 fxe3 77. fxe3 Kf5 78. Bd1 Be8+ 79. Kxh6 Bd7 80. h4 Ke5 81. h5 Kf6 82. Bb3 Bf5 83. Bc2 Ke5 84. Kg5 Bh7 85. Bd1 Ke6 86. Bg4+ Kf7 87. h6 Ke7 88. Bf5 Bg8 89. h7 Bxh7 90. Bxh7 Kd6 91. Bxe4 Kc5 92. Bd3 b4 93. axb4+ Kxb4 94. Bf5 Kc5 95. e4 Kd6 96. Kf6 1-0


[Site "https://www.chess.com"]

[Event "Titled Tuesday Blitz May 03 Late 2022"]
[White "Migot, Tangi"]
[Black "Vypkhaniuk, Ihor"]
[WhiteFideId "662445"]
[BlackFideId "14112256"]
[WhiteElo "2516"]
[BlackElo "2346"]
[Result "1/2-1/2"]
[Round "08"]
[TimeControl "180+1"]
[Date "2022.05.03"]
[WhiteClock "0:01:32"]
[BlackClock "0:00:42"]

1. e4 d5 2. exd5 Nf6 3. Nf3 Bg4 4. Be2 Qxd5 5. h3 Bxf3 6. Bxf3 Qe5+ 7. Qe2 Qxe2+ 8. Kxe2 c6 9. d4 Nbd7 10. c4 e5 11. dxe5 Nxe5 12. b3 O-O-O 13. Be3 Nxf3 14. Kxf3 b6 15. Nd2 Bb4 16. Rad1 Rhe8 17. Nb1 Kb7 18. Bg5 a5 19. Bxf6 gxf6 20. Rxd8 Rxd8 21. Ke2 Re8+ 22. Kf3 Rd8 23. Ke2 Re8+ 24. Kf3 Rd8 1/2-1/2


[Site "https://www.chess.com"]

[Event "Titled Tuesday Blitz May 03 Late 2022"]
[White "Mikhailov, Viacheslav"]
[Black "Jacobson, Brandon"]
[WhiteFideId "4187369"]
[BlackFideId "30901561"]
[WhiteElo "2381"]
[BlackElo "2362"]
[Result "0-1"]
[Round "08"]
[TimeControl "180+1"]
[Date "2022.05.03"]
[WhiteClock "0:00:01"]
[BlackClock "0:00:07"]

1. Nf3 Nf6 2. g3 g6 3. Bg2 Bg7 4. O-O O-O 5. c4 d6 6. Nc3 Nbd7 7. d3 e5 8. Rb1 a5 9. a3 Re8 10. Bg5 h6 11. Bxf6 Nxf6 12. Nd2 c6 13. b4 axb4 14. axb4 d5 15. b5 Be6 16. bxc6 bxc6 17. Nb3 dxc4 18. Nc5 Qe7 19. Nxe6 Qxe6 20. dxc4 Qxc4 21. Rc1 Rad8 22. Nd5 Qg4 23. h3 Qh5 24. Nxf6+ Bxf6 25. Qc2 Rd6 26. Qc5 Red8 27. g4 Qg5 28. Qb6 h5 29. gxh5 Qxh5 30. Rxc6 Rxc6 31. Qxc6 Kg7 32. e3 Bh4 33. Qc7 Qf5 34. Qc4 Qf6 35. Qg4 Rd2 36. Qf3 Qe7 37. Qg4 f5 38. Qc4 Kh6 39. Qg8 Qf6 40. Qc8 e4 41. Qc1 Qd6 42. Qc8 Qb6 43. Qh8+ Kg5 44. Qh7 Qc5 45. Qh8 Bxf2+ 46. Kh1 Qxe3 47. Qb8 Bg3 48. h4+ Kg4 49. Rg1 Qxg1+ 50. Kxg1 Bxb8 0-1


[Site "https://www.chess.com"]

[Event "Titled Tuesday Blitz May 03 Late 2022"]
[White "Mikhalsky, Vladimir"]
[Black "Petrova, Irina"]
[WhiteFideId "14144352"]
[BlackFideId "14124122"]
[WhiteElo "2301"]
[BlackElo "1993"]
[Result "0-1"]
[Round "08"]
[TimeControl "180+1"]
[Date "2022.05.03"]
[WhiteClock "0:00:07"]
[BlackClock "0:00:08"]

1. d4 d6 2. e4 Nf6 3. Nc3 e5 4. Nf3 Nbd7 5. Bc4 Be7 6. Bxf7+ Kxf7 7. Ng5+ Kg8 8. Ne6 Qe8 9. Nxc7 Qg6 10. Nxa8 Qxg2 11. Rf1 exd4 12. Qxd4 Ne5 13. Qe3 Nf3+ 14. Ke2 Bg4 15. Bd2 Nxh2+ 16. Kd3 Nxf1 17. Qxa7 Qf3+ 18. Be3 Nxe3 19. fxe3 h5 20. Qxb7 Bf8 21. Nb6 Kh7 22. a4 Bh3 23. a5 Bf1+ 24. Kd4 Ng4 25. Nbd5 Qf2 26. Rd1 Ne5 27. Rd3 Qxc2 28. Nb4 Nf3+ 29. Kc4 Bxd3+ 30. Nxd3 Ne5+ 31. Nxe5 dxe5 32. Qc8 g6 33. a6 Bg7 34. Qb7 Rd8 35. a7 Qd3+ 36. Kb3 Qd6 37. a8=Q Rxa8 38. Qxa8 Qb6+ 39. Kc2 Qxe3 40. Qb7 Qf2+ 41. Kb3 h4 42. Qe7 h3 43. Nd5 h2 44. Qxe5 Bxe5 0-1


[Site "https://www.chess.com"]

[Event "Titled Tuesday Blitz May 03 Late 2022"]
[White "Mirza, Diana"]
[Black "Piliczewski, Bogusz"]
[WhiteFideId "2503999"]
[BlackFideId "1104144"]
[WhiteElo "1813"]
[BlackElo "1896"]
[Result "1-0"]
[Round "08"]
[TimeControl "180+1"]
[Date "2022.05.03"]
[WhiteClock "0:00:08"]
[BlackClock "0:00:03"]

1. d4 d5 2. Nf3 Nf6 3. e3 Bf5 4. Bd3 Ne4 5. h3 e6 6. Nbd2 Bd6 7. Ne5 f6 8. Nxe4 dxe4 9. Qh5+ g6 10. Nxg6 Bxg6 11. Qb5+ Nd7 12. Be2 Rb8 13. c4 c6 14. Qb3 Qe7 15. c5 Bc7 16. h4 h5 17. g4 hxg4 18. Bxg4 f5 19. Be2 Bf7 20. h5 Rh6 21. Bd2 Nf6 22. O-O-O Kd7 23. Bc4 Nd5 24. Be2 b6 25. Qc2 b5 26. b4 Ra8 27. f3 exf3 28. Bxf3 a5 29. a3 axb4 30. axb4 Ra4 31. e4 Nxb4 32. Qb3 Ba5 33. Bxh6 Ra1+ 34. Kd2 Ra2+ 35. Ke3 Nc2+ 36. Kf4 1-0


[Site "https://www.chess.com"]

[Event "Titled Tuesday Blitz May 03 Late 2022"]
[White "Miszler, Levente"]
[Black "Zherebtsova, Alexandra"]
[WhiteFideId "763276"]
[BlackFideId "24129518"]
[WhiteElo "1966"]
[BlackElo "2025"]
[Result "0-1"]
[Round "08"]
[TimeControl "180+1"]
[Date "2022.05.03"]
[WhiteClock "0:02:24"]
[BlackClock "0:02:02"]

1. Nf3 d5 2. e3 g6 3. c4 c6 4. Nc3 Bg7 5. b3 e5 6. Bb2 Ne7 7. Be2 O-O 8. O-O d4 9. exd4 exd4 10. Ne4 d3 11. Nf6+ Kh8 12. Re1 dxe2 13. Qxe2 Nf5 14. Ng5 Bxf6 0-1


[Site "https://www.chess.com"]

[Event "Titled Tuesday Blitz May 03 Late 2022"]
[White "Mohammadian, Mohammad"]
[Black "Mangialardo, Tiago Carvalho"]
[WhiteFideId "12566055"]
[BlackFideId "2130718"]
[WhiteElo "1489"]
[BlackElo "2111"]
[Result "1-0"]
[Round "08"]
[TimeControl "180+1"]
[Date "2022.05.03"]
[WhiteClock "0:01:29"]
[BlackClock "0:00:04"]

1. e4 e5 2. Nf3 Nc6 3. Bb5 a6 4. Ba4 Nf6 5. O-O Be7 6. Re1 d6 7. h3 O-O 8. Bb3 b5 9. a4 Na5 10. axb5 axb5 11. c3 Bb7 12. Bc2 c5 13. b3 Qc7 14. d3 Rfe8 15. Bg5 h6 16. Bh4 Nd7 17. Bxe7 Rxe7 18. Nbd2 Nf6 19. Nf1 d5 20. Ng3 Rd8 21. Nf5 Re6 22. Qc1 dxe4 23. dxe4 c4 24. b4 Nc6 25. Ng3 Ne7 26. Rd1 Red6 27. Rxd6 Qxd6 28. Qd1 Qxd1+ 29. Rxd1 Rxd1+ 30. Bxd1 1-0


[Site "https://www.chess.com"]

[Event "Titled Tuesday Blitz May 03 Late 2022"]
[White "Moral Garcia, Serafin"]
[Black "Korchmar, Vasiliy"]
[WhiteFideId "2201925"]
[BlackFideId "24131750"]
[WhiteElo "2228"]
[BlackElo "2370"]
[Result "0-1"]
[Round "08"]
[TimeControl "180+1"]
[Date "2022.05.03"]
[WhiteClock "0:01:29"]
[BlackClock "0:01:43"]

1. e4 c5 2. Nf3 d6 3. d4 cxd4 4. Nxd4 Nf6 5. Nc3 Nc6 6. Bg5 Bd7 7. Qd2 a6 8. O-O-O e6 9. f3 Nxd4 10. Qxd4 Be7 11. Kb1 Qc7 12. g4 b5 13. Be3 O-O 14. h4 Rfc8 15. Qd2 b4 16. Ne2 d5 17. e5 Ne8 18. Nd4 a5 19. f4 a4 20. g5 b3 21. cxb3 axb3 22. a3 Bxa3 23. bxa3 Rxa3 24. Rc1 Qa7 25. Ba6 Qxa6 26. Qb2 Ra8 0-1


[Site "https://www.chess.com"]

[Event "Titled Tuesday Blitz May 03 Late 2022"]
[White "Nagy, Gabor"]
[Black "Vusatiuk, Vladimir"]
[WhiteFideId "737119"]
[BlackFideId "14118610"]
[WhiteElo "2534"]
[BlackElo "2157"]
[Result "1-0"]
[Round "08"]
[TimeControl "180+1"]
[Date "2022.05.03"]
[WhiteClock "0:01:39"]
[BlackClock "0:00:07"]

1. e4 Nc6 2. Nc3 e6 3. d4 d5 4. Nf3 dxe4 5. Nxe4 Be7 6. Bb5 Bd7 7. O-O Nf6 8. Nc5 a6 9. Nxd7 axb5 10. Nxf6+ Bxf6 11. Be3 b4 12. Qe2 O-O 13. Rfd1 Qd5 14. a3 bxa3 15. c4 Qh5 16. bxa3 Rfd8 17. Rab1 Rxa3 18. Rxb7 h6 19. h3 Qa5 20. Bf4 Rd7 21. d5 exd5 22. Qe8+ Kh7 23. Qxd7 Ra1 24. Rxa1 Qxa1+ 25. Kh2 Nd4 26. Qxd5 Ne2 27. Qe4+ g6 28. Rxc7 Kg7 29. Be5 Bxe5+ 30. Qxe5+ Qxe5+ 31. Nxe5 1-0


[Site "https://www.chess.com"]

[Event "Titled Tuesday Blitz May 03 Late 2022"]
[White "Nakamura, Hikaru"]
[Black "Licznerski, Lukasz"]
[WhiteFideId "2016192"]
[BlackFideId "1179250"]
[WhiteElo "2850"]
[BlackElo "2422"]
[Result "1-0"]
[Round "08"]
[TimeControl "180+1"]
[Date "2022.05.03"]
[WhiteClock "0:01:18"]
[BlackClock "0:00:02"]

1. Nf3 Nf6 2. b3 d5 3. Bb2 Bg4 4. e3 Nbd7 5. h3 Bh5 6. d3 e6 7. g4 Bg6 8. Nh4 a5 9. a3 a4 10. b4 c5 11. bxc5 Nxc5 12. Nd2 Be7 13. Nxg6 hxg6 14. Bxf6 Bxf6 15. d4 Nd7 16. c4 dxc4 17. Nxc4 O-O 18. Rb1 Qc7 19. Be2 b5 20. Nd2 Be7 21. Bxb5 Nb6 22. Rc1 Qa7 23. Ra1 Qa5 24. Bd3 Rfc8 25. O-O Rc3 26. Nb1 Rb3 27. Bc2 Rb2 28. Qc1 Rb5 29. Ra2 Rc8 30. Qd1 Bf8 31. Qe2 e5 32. dxe5 Rxe5 33. Rd1 Rec5 34. Bd3 Nd5 35. Be4 Nc3 36. Nxc3 Rxc3 37. Bd5 Rxa3 38. Qf3 Qc7 39. Rc2 Qxc2 40. Qxf7+ Kh7 41. Qg8+ Kh6 42. Qh8+ Kg5 43. f4+ Kf6 44. Qh4+ g5 45. Qxg5# 1-0


[Site "https://www.chess.com"]

[Event "Titled Tuesday Blitz May 03 Late 2022"]
[White "Narayanan.S.L"]
[Black "Dimakiling, Oliver"]
[WhiteFideId "5058422"]
[BlackFideId "5202248"]
[WhiteElo "2494"]
[BlackElo "2426"]
[Result "1-0"]
[Round "08"]
[TimeControl "180+1"]
[Date "2022.05.03"]
[WhiteClock "0:02:16"]
[BlackClock "0:01:12"]

1. Nf3 g6 2. g3 Bg7 3. Bg2 e5 4. O-O d5 5. d3 Ne7 6. e4 O-O 7. Nc3 d4 8. Ne2 h6 9. Nd2 c5 10. f4 Nbc6 11. Nf3 f6 12. Nh4 g5 13. Nf3 exf4 14. gxf4 g4 15. Nh4 f5 16. Ng3 Be6 17. exf5 Nxf5 18. Nhxf5 Rxf5 19. Qxg4 Rf6 20. f5 Bd5 21. Ne4 Bxe4 22. Bxe4 Kh8 23. Kh1 Qd7 24. Rg1 Raf8 25. Bf4 b5 26. Rg2 c4 27. Rag1 R8f7 28. Qh4 Rxf5 29. Bxh6 1-0


[Site "https://www.chess.com"]